Map: Ruins of Seras

Players

Nero - Winner!

  • Race: Protoss Protoss

보성녹차짱

  • Race: Terran Terran
  • League: Silver

VOD

Have the link to the VOD?

Description

Time

  • Played on: Jan. 7, 2016, 5:08 a.m.
  • Length: 19:46
Show
View Real Time Build Order
Export as new Build Order

Nero Protoss - Winner!

Build Orders: Oracle Opening 

Get SALT Encoding   

  12  0:01  Probe (Chrono Boost)  
  13  0:15  Pylon  
  13  0:18  Probe (Chrono Boost)  
  14  0:29  Probe (Chrono Boost)  
  15  0:36  Gateway  
  15  0:40  Probe (Chrono Boost)  
  16  0:46  Assimilator  
  16  0:50  Probe (Chrono Boost)  
  17  1:01  Probe (Chrono Boost)  
  18  1:04  Pylon  
  18  1:10  Assimilator  
  18  1:11  Probe (Chrono Boost)  
  19  1:27  Cybernetics Core  
  19  1:29  Zealot  
  21  1:33  Probe (Chrono Boost)  
  22  1:44  Probe (Chrono Boost)  
  23  1:54  Pylon, Probe (Chrono Boost)  
  24  2:12  Stargate  
  24  2:16  Probe (Chrono Boost)  
  25  2:23  Zealot  
  25  2:27  Probe (Chrono Boost)  
  28  2:34  Forge  
  28  2:46  Probe (Chrono Boost)  
  28  2:50  Adept  
  31  2:56  Oracle (Chrono Boost), Probe (Chrono Boost)  
  35  3:15  Protoss Ground Weapons Level 1  
  35  3:19  Photon Cannon  
  35  3:22  Adept  
  35  3:27  Probe  
  38  3:33  Gateway  
  38  3:34  Warp Gate  
  38  3:53  Pylon  
  38  3:57  Pylon  
  38  4:11  Mothership Core  
  37  4:26  Adept  
  37  4:27  Adept  
  41  4:37  Oracle (Chrono Boost)  
  44  4:41  Nexus  
  44  4:48  Assimilator  
  44  4:52  Assimilator  
  44  4:56  Pylon  
  44  5:04  Robotics Facility  
  44  5:10  Adept  
  46  5:15  Sentry  
  47  5:26  Probe  
  48  5:29  Protoss Ground Armor Level 1  
  48  5:37  Sentry  
  48  5:38  Probe  
  51  5:55  Adept  
  50  6:02  Robotics Bay  
  50  6:04  Pylon  
  50  6:07  Probe  
  50  6:08  Probe  
  52  6:20  Probe  
  52  6:24  Twilight Council  
  53  6:28  Probe  
  53  6:32  Probe  
  55  6:36  Pylon  
  55  6:37  Zealot  
  55  6:39  Probe  
  57  6:40  Adept  
  57  6:44  Probe  
  61  6:49  Disruptor  
  64  6:56  Gateway  
  64  6:58  Gateway, Probe  
  64  6:59  Probe  
  66  7:06  Sentry  
  68  7:18  Adept  
  70  7:26  Protoss Ground Armor Level 2  
  70  7:29  Probe  
  70  7:31  Probe  
  72  7:40  Probe  
  72  7:42  Pylon  
  72  7:43  Probe  
  74  7:45  Pylon  
  74  7:50  Probe  
  74  7:54  Adept x2  
  74  7:55  Probe  
  74  7:58  Pylon  
  80  8:04  Probe  
  81  8:06  Templar Archives  
  81  8:07  Probe  
  82  8:21  Zealot x2  
  82  8:24  Charge (Chrono Boost)  
  86  8:36  Colossus  
  92  8:46  Stalker  
  92  8:47  Stalker x2  
  98  9:07  Extended Thermal Lance  
  98  9:10  Stalker x2  
  89  9:34  Stalker x4  
  97  9:44  Disruptor  
  96  9:51  Nexus  
  96  9:53  Assimilator  
  96  9:55  Protoss Ground Weapons Level 2  
  89  10:14  Pylon, Zealot x3  
  89  10:15  Zealot  
  80  10:51  Zealot  
  80  10:52  Zealot x3  
  80  10:53  Colossus  
  80  10:56  Probe x2  
  94  11:14  Zealot x4  
  102  11:19  Pylon  
  102  11:24  Probe  
  102  11:25  Probe  
  102  11:26  Probe  
  105  11:34  Probe  
  86  11:59  Probe  
  86  12:01  Probe x2  
  85  12:07  Stalker x4  
  93  12:10  Colossus, Probe  
  93  12:12  Gateway  
  93  12:14  Gateway  
  100  12:27  Gateway  
  100  12:28  Gateway  
  92  12:39  Probe  
  92  12:41  Probe x2  
  95  12:45  Pylon x2  
  95  12:48  Stalker x3, Pylon  
  95  12:50  Probe  
  102  13:02  Assimilator  
  102  13:04  Protoss Ground Armor Level 3  
  102  13:17  Stalker x2  
  102  13:18  Stalker x2  
  110  13:20  Sentry  
  112  13:33  Photon Cannon  
  112  13:35  Photon Cannon  
  112  13:38  Photon Cannon  
  112  13:42  Photon Cannon  
  112  13:43  Stalker  
  112  13:44  Stalker  
  116  13:49  Sentry x2  
  116  13:50  Sentry x2  
  124  14:04  Nexus  
  124  14:17  Zealot x2  
  124  14:18  Zealot x2  
  124  14:19  Zealot  
  134  14:25  Psionic Storm  
  134  14:32  High Templar x3  
  140  14:43  High Templar x5  
  151  14:58  Warp Prism  
  152  15:08  Zealot x2  
  152  15:14  Pylon, Assimilator  
  156  15:15  Probe  
  156  15:16  Assimilator  
  157  15:26  Probe  
  158  15:33  Warp Prism  
  156  15:37  Probe  
  156  15:41  Archon x2  
  118  15:47  Probe  
  117  15:57  High Templar x5  
  117  15:58  High Templar  
  117  16:00  Zealot x2  
  133  16:05  Archon x2  
  133  16:06  Archon  
  133  16:17  Oracle  
  136  16:21  Immortal  
  140  16:26  Stalker x2  
  140  16:45  High Templar  
  140  16:47  Zealot x2  
  140  16:48  Zealot x3  
  140  18:30  High Templar x8  
  140  18:43  Archon x4  
  140  19:39  Zealot x5  
  140  19:40  Zealot  
Show
View Real Time Build Order
Export as new Build Order

보성녹차짱 Terran 

Build Orders: MMM Bio 

Get SALT Encoding   

  12  0:00  SCV  
  13  0:13  SCV  
  14  0:19  Supply Depot  
  14  0:25  SCV  
  15  0:31  Refinery  
  15  0:40  SCV  
  16  0:50  Barracks  
  16  0:52  SCV  
  17  1:04  SCV  
  18  1:16  SCV  
  19  1:20  Refinery  
  19  1:29  SCV  
  20  1:36  Supply Depot  
  20  1:38  Barracks Reactor  
  20  1:41  SCV  
  20  1:42  Barracks  
  20  1:45  Barracks  
  21  1:57  SCV  
  22  2:07  Factory  
  22  2:10  SCV  
  23  2:19  Supply Depot  
  23  2:23  Marine  
  23  2:24  Marine  
  25  2:32  Barracks Tech Lab  
  25  2:39  Orbital Command  
  25  2:49  Marine x2  
  27  3:02  Supply Depot  
  27  3:25  Stimpack  
  27  3:37  SCV  
  27  3:41  Marine x2  
  29  3:43  Marauder  
  29  3:45  Barracks  
  32  3:49  Factory Tech Lab  
  32  3:59  Starport  
  27  4:24  Marine x2  
  27  4:25  Marauder  
  27  4:28  Siege Tank  
  34  4:35  SCV  
  35  4:41  Supply Depot  
  35  4:56  SCV  
  36  5:21  Command Center  
  36  5:32  Barracks Tech Lab  
  36  5:38  Marine x2  
  36  5:39  Marauder  
  35  5:58  SCV  
  36  6:10  Marine  
  37  6:11  Marine  
  37  6:14  Starport Reactor  
  38  6:23  SCV  
  39  6:33  Marine x2  
  39  6:36  Marauder, Concussive Shells  
  43  6:43  SCV  
  43  6:44  Liberator  
  43  6:45  SCV  
  43  6:46  Liberator  
  51  7:08  SCV  
  51  7:11  SCV  
  53  7:20  SCV  
  53  7:21  Marine x2  
  56  7:29  Siege Tank  
  59  7:33  SCV  
  60  7:38  SCV  
  60  7:42  Marine x2  
  63  7:48  Combat Shields  
  63  7:52  SCV  
  64  8:00  SCV  
  64  8:01  Engineering Bay  
  64  8:04  SCV  
  66  8:07  Supply Depot  
  66  8:21  Marine x2  
  68  8:29  Terran Infantry Weapons Level 1, Siege Tank  
  68  8:32  SCV  
  68  8:34  SCV  
  73  8:40  Marine  
  73  8:41  Marine  
  75  8:43  Marauder  
  77  9:30  Liberator x2  
  74  9:41  Marine x2  
  74  9:42  Marauder x2  
  77  9:49  Supply Depot  
  83  10:12  SCV  
  82  10:14  Marine  
  82  10:15  Marine  
  82  10:16  Marauder x2  
  82  10:20  Supply Depot  
  88  10:24  Refinery  
  88  10:28  Command Center, SCV  
  89  10:30  Siege Tank  
  89  10:33  SCV  
  89  10:35  Engineering Bay  
  79  10:51  Liberator x2  
  79  11:02  SCV  
  80  11:07  Marine x2  
  80  11:10  Marauder x2  
  92  11:12  Terran Infantry Armor Level 1  
  92  11:15  Armory  
  92  11:16  Siege Tank  
  93  11:49  Liberator x2  
  64  11:59  SCV x2  
  58  12:04  Refinery, Marine x2  
  58  12:05  Marauder x2  
  58  12:08  Terran Vehicle Weapons Level 1  
  67  12:09  Siege Tank  
  67  12:11  SCV x2  
  54  12:44  Marine x2  
  54  12:45  Marauder  
  54  12:46  Marauder  
  54  12:47  Siege Tank  
  63  12:56  Barracks  
  63  12:57  Supply Depot  
  63  12:58  Terran Infantry Weapons Level 2  
  63  13:02  Marine x2  
  65  13:07  Marauder x2  
  69  13:16  Liberator x2, SCV  
  70  13:24  Supply Depot  
  70  13:28  SCV x2  
  70  13:32  Marine x2  
  70  13:33  Marauder x2  
  84  13:35  Terran Infantry Armor Level 2  
  84  13:40  SCV  
  85  13:58  Refinery  
  85  14:03  Marine x2, Siege Tank  
  85  14:04  Marauder  
  85  14:07  Barracks Reactor, Barracks  
  92  14:42  Marauder  
  92  14:43  Marine x2, Marauder  
  92  14:44  Siege Tank  
  92  14:45  Marine x2  
  102  14:52  SCV  
  104  14:55  Barracks  
  104  15:06  Command Center  
  104  15:10  Orbital Command  
  58  15:45  Marine x2  
  58  15:48  Marine x2, Marauder x2  
  52  15:55  Terran Infantry Weapons Level 3  
  52  15:56  Terran Infantry Armor Level 3  
  52  15:57  Siege Tank  
  55  16:02  Barracks Reactor  
  55  16:03  Marine x2, Barracks  
  57  16:06  Marine x2  
  57  16:09  Marauder  
  57  16:10  Barracks Reactor  
  42  16:21  Marine x2  
  42  16:24  Marauder  
  46  16:31  Marauder  
  37  16:38  Marine  
  37  16:39  Marine  
Tags
 
Composition
MMM Bio
League
Silver
Matchup
PvT
Replay Pack
rep
Add a new tag
Caveats
  • Supply blocks, unpowered buildings, or Contaminate may cause inaccurate times.
  • Supply counts are checked every 10 seconds.